 Dungeon Crawl Stone Soup version 0.26-a0-497-g0187308201 (webtiles) character file.

Game seed: 18042792043287904039

4746 BeastOfSaturn the Carver (level 10, -1/61 HPs)
             Began as a Demonspawn Warper on Aug 5, 2020.
             Was a Follower of Ashenzari.
             Slain by a small abomination (2 damage)
             ... on level 2 of the Abyss on Aug 6, 2020.
             The game lasted 00:28:04 (8292 turns).

BeastOfSaturn the Carver (Demonspawn Warper)        Turns: 8292, Time: 00:28:04

Health: -1/61      AC: 21    Str: 16      XL:     10   Next: 23%
Magic:  0/17       EV:  8    Int: 15 (16) God:    Ashenzari [*.....]
Gold:   290        SH:  0    Dex: 12      Spells: 16/18 levels left

rFire    . . .     SeeInvis .   u - +1 long sword
rCold    + + .     Faith    .   (no shield)
rNeg     . . .     Spirit   +   z - +7 chain mail of Lies {rPois Str+4}
rPois    +         Reflect  .   (no helmet)
rElec    .         Harm     .   (no cloak)
rCorr    .         Rnd*Rage +   l - +1 pair of gloves (curse)
MR       .....     Rnd*Tele +   y - +0 pair of boots
Stlth    ..........             v - amulet of magic regeneration
HPRegen  0.00/turn              i - +6 ring of intelligence
MPRegen  0.55/turn              x - ring of protection from cold

@: non-regenerating, diseased
A: claws 1, thin metallic scales 2, [berserk 2], [blurry vision 2], cold
resistance 1, [deterioration 2], [dopey 2], [frail 2], [inhibited regeneration],
[teleportitis 2], [weak 2], magic shield, magic regeneration, magic link,
[subdued magic 2]
a: Curse Item, Scrying, Renounce Religion


You were on level 2 of the Abyss.
You worshipped Ashenzari.
Ashenzari was aware of your devotion.
You visited 2 branches of the dungeon, and saw 8 of its levels.
You visited the Abyss 2 times.

You collected 290 gold pieces.

Inventory:

Hand Weapons
 a - a +0 falchion
 u - a +1 long sword (weapon)
Missiles
 e - 5 boomerangs of dispersal (quivered)
Armour
 b - a +0 leather armour
 l - a cursed +1 pair of gloves (worn)
 y - a +0 pair of boots (worn)
 z - the +7 chain mail of Lies (worn) {rPois Str+4}
   (You found it on level 5 of the Dungeon)

   It affects your strength (+4).
   It protects you from poison.
 I - the cursed quicksilver dragon scales of the Tired Beds {Harm rN+ MR+ Str+3 SInv}
   (You found it on level 8 of the Dungeon)

   It affects your strength (+3).
   It protects you from negative energy.
   It affects your resistance to hostile enchantments.
   It lets you see invisible.
   It increases damage dealt and taken.
   It has a curse placed upon it.
Jewellery
 i - a +6 ring of intelligence (left hand)
 v - an amulet of magic regeneration (around neck)
 x - a ring of protection from cold (right hand)
 B - an uncursed ring of resist corrosion
Wands
 k - a wand of removedness (4)
 o - a wand of random effects (28)
 A - a wand of enslavement (5)
 E - a wand of paralysis (9)
 G - a wand of polymorph (1)
Scrolls
 d - a scroll of blinking
 f - 2 scrolls of summoning {unknown}
 j - 3 scrolls of identify
 w - 2 scrolls of teleportation
 C - a scroll of magic mapping
 D - a scroll of immolation {unknown}
 F - a scroll of amnesia
Potions
 c - a potion of berserk rage
 g - 2 potions of stabbing
 h - 4 potions of lignification
 m - a potion of invisibility
 n - 3 potions of curing {unknown}
 p - a potion of might {unknown}
 q - a potion of brilliance {unknown}
 r - a potion of heal wounds
 s - a potion of flight
 t - 2 potions of degeneration {unknown}
 H - 2 potions of ambrosia


   Skills:
 * Level 6.5 Fighting
 * Level 10.7 Long Blades
 - Level 0.8 Throwing
 - Level 0.8 Armour
 * Level 5.2 Dodging
 * Level 4.9 Spellcasting
 - Level 2.6 Translocations


You had 16 spell levels left.
You knew the following spells:

 Your Spells              Type           Power        Failure   Level
a - Blink                 Tloc           N/A          80%         2

Your spell library contained the following spells:

 Spells                   Type           Power        Failure   Level
 Gell's Gravitas          Tloc           #.........   96%         3
 Lesser Beckoning         Tloc           #.........   96%         3
 Teleport Other           Tloc           #.......     96%         3
 Confusing Touch          Hex            #.......     100%        3
 Passage of Golubria      Tloc           N/A          100%        4
 Petrify                  Tmut/Erth      #.......     100%        4
 Metabolic Englaciation   Hex/Ice        #.........   100%        5
 Yara's Violent Unravell  Hex/Tmut       #.........   100%        5


Dungeon Overview and Level Annotations

Branches:
Dungeon (8/15)             Temple (1/1) D:5
   Lair: D:8-11

Altars:
Ashenzari
Cheibriados
Dithmenos
Elyvilon
Fedhas
Hepliaklqana
Kikubaaqudgha
Nemelex Xobeh
Okawaru
Qazlal
Sif Muna
Trog
Uskayaw
Vehumet
Xom
Yredelemnul
The Shining One
Lugonu

Shops:
D:5 :[(


Innate Abilities, Weirdness & Mutations

You have sharp fingernails.
You are mostly covered in thin metallic scales. (AC +3)
Your flesh is cold resistant. (rC+)
When hurt, damage is shared between your health and your magic reserves.
You regenerate magic rapidly.
When low on magic, you restore magic in place of health.
[You often lose your temper in combat.]
[Scrolls take you longer to read.]
[Your body often deteriorates upon taking damage.]
[You are very dopey. (Int -4)]
[You are very frail. (-20% HP)]
[You do not regenerate when monsters are visible.]
[You are sometimes teleported next to monsters.]
[You are very weak. (Str -4)]
[Your spells are easier to cast, but less powerful.]


Message History

Really read with blurry vision while enemies are nearby? [Y]es or [N]o only, please.
Really read with blurry vision while enemies are nearby? [Y]es or [N]o only, please.
Really read with blurry vision while enemies are nearby? [Y]es or [N]o only, please.
Really read with blurry vision while enemies are nearby? [Y]es or [N]o only, please.
Really read with blurry vision while enemies are nearby?
The large abomination hits you!
* * * LOW HITPOINT WARNING * * *
The small abomination hits you but does no damage.
The large abomination hits you!
* * * LOW HITPOINT WARNING * * *
The wretched star pulses with an eldritch light!
You feel weirdly uncertain.
You feel even more weirdly uncertain.
You feel frail. x2
You begin reading the scroll.
You continue reading the scroll.
The small abomination hits you.
You die...

### #.#### .
#.sx.# ..
#.##@## ..#
##.XX*....#
#..X#.#.#..#
#.#.#x...#
#..X....## #
## #.#.*...#
..# # .
##...###.#.#
#. #
#..#....
#..##... ##
#.X##...#..#
...#


You could see a wretched star, a demonic crawler, an ancient zyme, 4 large
abominations and a small abomination.

Vanquished Creatures
  Harold (D:7)
  Pikel (D:8)
  2 hippogriffs (D:7)
  A hornet (D:6)
  Prince Ribbit (D:7)
  6 yaks
  Menkaure (D:7)
  A water moccasin (D:6)
  An ice beast (Abyss:1)
  A sky beast (D:7)
  4 ogres
  3 phantoms
  2 centaurs
  A bullfrog (D:5)
  A scorpion (D:6)
  3 killer bees (D:7)
  3 wights (D:6)
  A howler monkey (D:6)
  A bullfrog zombie (D:5)
  A hound (D:5)
  2 iguanas
  2 orc priests (D:6)
  An orc wizard (D:6)
  2 worker ants (D:5)
  A hound zombie (D:7)
  A hound skeleton (D:5)
  A worker ant zombie (D:7)
  5 gnolls
  9 adders
  A white imp (D:6)
  2 ufetubi
  2 oozes (D:1)
  A worm (D:1)
  3 dart slugs
  3 leopard geckos
  8 orcs (D:6)
  3 ball pythons
  4 bats
  5 giant cockroaches
  2 goblins (D:2)
  2 hobgoblins
  11 jackals
  A quokka (D:7)
  3 frilled lizards
  7 kobolds
  10 rats
128 creatures vanquished.

Vanquished Creatures (others)
  A lurking horror (Abyss:2)
1 creature vanquished.

Grand Total: 129 creatures vanquished

Notes
Turn   | Place    | Note
-------+----------+-------------------------------------------
     0 | D:1      | BeastOfSaturn the Demonspawn Warper began the quest for the
                  | Orb.
     0 | D:1      | Reached XP level 1. HP: 16/16 MP: 3/3
     1 | D:1      | Found a runed translucent door.
    47 | D:1      | Reached skill level 2 in Long Blades
   112 | D:1      | Gained mutation: You are partially covered in thin metallic
                  | scales. (AC +2) [demonic ancestry]
   112 | D:1      | Reached XP level 2. HP: 17/22 MP: 5/5
   421 | D:1      | You fall into a shaft and drop 1 floor!
   598 | D:2      | Gained mutation: When hurt, damage is shared between your
                  | health and your magic reserves. [demonic ancestry]
   598 | D:2      | Reached XP level 3. HP: 27/27 MP: 6/6
   700 | D:2      | Found a shimmering altar of Xom.
   782 | D:2      | Reached skill level 3 in Long Blades
  1115 | D:1      | Learned a level 2 spell: Blink
  1657 | D:1      | Gained mutation: You regenerate magic rapidly. [demonic
                  | ancestry]
  1657 | D:1      | Reached XP level 4. HP: 26/33 MP: 4/7
  2185 | D:3      | Found an iron altar of Okawaru.
  2189 | D:3      | Found a radiant altar of Vehumet.
  2194 | D:3      | Found a white marble altar of Elyvilon.
  2500 | D:3      | You fall into a shaft and drop 3 floors!
  2508 | D:5      | Entered Level 5 of the Dungeon
  2517 | D:5      | Noticed a bullfrog
  2527 | D:5      | Killed a bullfrog
  2527 | D:5      | Reached skill level 4 in Long Blades
  2527 | D:5      | Reached XP level 5. HP: 25/38 MP: 4/8
  2558 | D:5      | Upgraded the game from 0.26-a0-491-g70697cc071 to
                  | 0.26-a0-497-g0187308201
  2883 | D:5      | Noticed an ogre
  2893 | D:5      | Killed an ogre
  2893 | D:5      | Reached skill level 5 in Long Blades
  2893 | D:5      | Gained mutation: When low on magic, you restore magic in
                  | place of health. [demonic ancestry]
  2893 | D:5      | Reached XP level 6. HP: 16/44 MP: 3/9
  3293 | D:5      | Found a staircase to the Ecumenical Temple.
  3379 | Temple   | Entered the Ecumenical Temple
  3584 | Temple   | Became a worshipper of Ashenzari the Shackled
  3614 | D:5      | Found Senigh's Antique Weapon Shop.
  3770 | D:5      | Found Get Erphi's Book Boutique.
  3788 | D:5      | Found an iron altar of Okawaru.
  3848 | D:5      | Found Ogazogg's Antique Armour Boutique.
  3927 | D:5      | Reached skill level 6 in Long Blades
  3927 | D:5      | Gained mutation: Your flesh is cold resistant. (rC+)
                  | [demonic ancestry]
  3927 | D:5      | Reached XP level 7. HP: 38/51 MP: 9/11
  4036 | D:5      | Found a blossoming altar of Fedhas.
  4095 | D:5      | Got the uncursed chain mail of Lies {rPois Str+4}
  4106 | D:5      | Identified the +7 chain mail of Lies {rPois Str+4} (You
                  | found it on level 5 of the Dungeon)
  4142 | D:5      | Found a hazy altar of Hepliaklqana.
  4512 | D:6      | Reached skill level 7 in Long Blades
  4516 | D:6      | Gained mutation: You are mostly covered in thin metallic
                  | scales. (AC +3) [demonic ancestry]
  4516 | D:6      | Reached XP level 8. HP: 47/58 MP: 12/12
  4784 | D:6      | Noticed a hornet
  5912 | D:6      | Killed a hornet
  5931 | D:6      | Reached skill level 8 in Long Blades
  6336 | D:7      | Noticed Harold
  6506 | D:7      | Noticed a hippogriff
  6528 | D:7      | Killed a hippogriff
  6754 | D:7      | Noticed a hippogriff
  6765 | D:7      | Killed a hippogriff
  6829 | D:7      | Noticed Prince Ribbit
  6936 | D:7      | Gained mutation: You have sharp fingernails. [demonic
                  | ancestry]
  6936 | D:7      | Reached XP level 9. HP: 61/66 MP: 14/14
  6958 | D:7      | Killed Prince Ribbit
  7090 | D:7      | Killed Harold
  7090 | D:7      | Reached skill level 5 in Fighting
  7090 | D:7      | Reached skill level 9 in Long Blades
  7181 | D:7      | Noticed Menkaure
  7192 | D:7      | Killed Menkaure
  7365 | D:8      | Cast into level 1 of the Abyss (gnoll sergeant)
  7365 | Abyss:1  | Reached * piety under Ashenzari
  7395 | Abyss:1  | Found a corrupted altar of Lugonu.
  7415 | Abyss:1  | Reached skill level 5 in Dodging
  7439 | Abyss:1  | Noticed a worldbinder
  7452 | Abyss:1  | Found a corrupted altar of Lugonu.
  7475 | Abyss:1  | Noticed a troll
  7479 | D:8      | Escaped the Abyss
  7513 | D:7      | Reached skill level 10 in Long Blades
  7553 | D:8      | Noticed Pikel
  7563 | D:8      | Killed Pikel
  7592 | D:7      | Reached XP level 10. HP: 59/76 MP: 15/17
  8081 | D:8      | Got the cursed quicksilver dragon scales of the Tired Beds
                  | {Harm rN+ MR+ Str+3 SInv}
  8116 | D:8      | Cast into level 2 of the Abyss (gnoll sergeant)
  8251 | Abyss:2  | Found a corrupted altar of Lugonu.
  8267 | Abyss:2  | Noticed a wretched star
  8273 | Abyss:2  | Noticed a large abomination
  8291 | Abyss:2  | HP: 1/77 [large abomination (4)]
  8292 | Abyss:2  | Slain by a small abomination

Illustrated notes

Levels and vault maps discovered:
D:1:      dpeg_arrival_caged_fury, layout_basic
D:2:      layout_basic, xom_butterflies, grunt_ministairs_7, minmay_tromino_v2
D:3:      layout_basic, minmay_overflow_temple_star_quad, minmay_distorted
D:5:      wad_pebble_path, layout_cave_pools, fedhas_altar_4,
          lemuel_coloured_pillars_altar, minmay_temple_entry_gardened_gates,
          serial_shops, shop_statue, shop, shop, gup_sewer_entry_bowl,
          abandoned_shop, okawaru_metal_pillars_3
D:6:      layout_basic
D:7:      layout_basic, uniq_harold, uniq_prince_ribbit1, uniq_menkaure
D:8:      layout_rooms, makhleb_altar_promises_db, lemuel_round_altar,
          minmay_misc_feat_secret_circle, minivault_23, uniq_pikel, uniq_joseph,
          uniq_maggie
Temple:   kb_corrupted_temple
Abyss:2:  base:
Temple

Skill      XL: |  1  2  3  4  5  6  7  8  9 |
---------------+----------------------------+-----
Long Blades    | 2 3 4 5 6 7 8 10 | 10.7
Dodging        | 2 3 4 5 |  5.2
Spellcasting   | 3 4 |  4.9
Fighting       | 3 4 6 |  6.5
Throwing       | |  0.8
Armour         | |  0.8
Translocations | |  2.6

Action                   |  1- 3 |  4- 6 |  7- 9 | 10-12 || total
-------------------------+-------+-------+-------+-------++-------
Melee: Falchion          |   143 |    24 |       |       ||   167
       Long sword        |       |   118 |   350 |    61 ||   529
Invok: Curse Item        |       |     1 |       |       ||     1
  Use: Scroll            |     2 |     1 |    11 |       ||    14
       Potion            |       |       |     5 |       ||     5
Armor: Leather armour    |    56 |    37 |       |       ||    93
       Chain mail        |       |       |   261 |    75 ||   336
       Skin              |       |       |    57 |       ||    57
Dodge: Dodged            |   120 |   115 |   184 |    51 ||   470
       Rpst.: Falchion   |    31 |     4 |       |       ||    35
       Long sword        |       |    37 |    45 |    11 ||    93

Table legend: (Time is in decaauts)
 A = Elapsed time spent in this place.
 B = Non-inter-level travel time spent in this place.
 C = Inter-level travel time spent in this place.
 D = Time resting spent in this place.
 E = Time spent auto-exploring this place.
 F = Levels seen in this place.
 G = Mean time per level.
                   A        B        C        D        E       F      G
               +--------+--------+--------+--------+--------+-----+--------+
         Total |   8348 |   7917 |    431 |   1513 |   4632 |  10 |  834.8 |
       Dungeon |   7838 |   7450 |    388 |   1513 |   4340 |   7 | 1119.7 |
        Temple |    221 |    178 |     43 |      0 |    177 |   1 |  221.0 |
         Abyss |    288 |    288 |      0 |      0 |    115 |   2 |  144.0 |
               +--------+--------+--------+--------+--------+-----+--------+

Top non-repeatable levels by time:
     D:6: 2101 daAuts
     D:7: 1560 daAuts
     D:5: 1559 daAuts
     D:1: 1450 daAuts
     D:2: 688 daAuts
     D:3: 393 daAuts
  Temple: 221 daAuts
 Abyss:2: 175 daAuts
 Abyss:1: 113 daAuts
     D:8: 84 daAuts
